 Dungeon Crawl Stone Soup version 0.24.0-2-g5b39cebb1c (console) character file.

Game seed: 7754507267664989012, levelgen mode: deterministic

175 AlterAsc the Gusty (level 5, -12/29 HPs)
             Began as a Tengu Air Elementalist on Oct 29, 2019.
             Killed from afar by Ijyb (17 damage)
             ... with a bolt of acid
             ... on level 3 of the Dungeon.
             The game lasted 00:16:02 (2307 turns).

AlterAsc the Gusty (Tengu Air Elementalist)         Turns: 2307, Time: 00:16:02

Health: -12/29     AC:  4    Str:  8    XL:     5   Next: 55%
Magic:  10/10      EV: 15    Int: 16    God:
Gold:   83         SH:  0    Dex: 15    Spells: 4/10 levels left

rFire    . . .     SeeInvis .   h - +0 short sword
rCold    . . .     Gourm    .   (no shield)
rNeg     . . .     Faith    .   g - +0 leather armour (curse)
rPois    .         Spirit   .   (helmet restricted)
rElec    .         Reflect  .   (no cloak)
rCorr    .         Harm     .   f - +0 pair of gloves
MR       .....                  (boots unavailable)
Stlth    ++........             b - amulet of regeneration
HPRegen  0.49/turn              (no ring)
MPRegen  0.12/turn              (no ring)

@: flying quickly and evasively, quick
A: beak, talons 3, able to fly
a: Stop Flying


You were on level 3 of the Dungeon.
You were hungry.

You visited 1 branch of the dungeon, and saw 3 of its levels.

You collected 83 gold pieces.

Inventory:

Hand Weapons
 h - a +0 short sword (weapon)
Armour
 a - a +0 robe
 e - a +0 ring mail
 f - a +0 pair of gloves (worn)
 g - a cursed +0 leather armour (worn)
 j - a +0 plate armour
Jewellery
 b - an amulet of regeneration (around neck)
 s - a cursed -2 ring of evasion {unknown}
Scrolls
 i - a scroll of random uselessness {unknown}
 l - 3 scrolls of teleportation {unknown}
 q - 2 scrolls of identify {unknown}
Potions
 d - a potion of heal wounds {unknown}
 k - a potion of lignification {unknown}
 m - 4 potions of berserk rage {unknown}
 n - a potion of resistance {unknown}
 o - a potion of ambrosia {unknown}
 p - a potion of brilliance {unknown}
 r - a potion of curing {unknown}
 t - a potion of mutation {unknown}
Comestibles
 c - 4 rations


   Skills:
 + Level 1.5 Fighting
 + Level 1.2 Armour
 + Level 3.2 Dodging
 - Level 2.1 Stealth
 * Level 3.2 Spellcasting
 + Level 2.8 Conjurations
 + Level 4.7 Air Magic


You had 4 spell levels left.
You knew the following spells:

 Your Spells              Type           Power        Failure   Level  Hunger
a - Shock                 Conj/Air       ##..         5%          1    None
b - Swiftness             Chrm/Air       ##......     14%         2    ##.....
c - Static Discharge      Conj/Air       ##......     16%         3    ###....

Your spell library contained the following spells:

 Spells                   Type           Power        Failure   Level  Hunger
 Airstrike                Air            ###.......   36%         4    ####...
 Lightning Bolt           Conj/Air       ##........   83%         5    ######.


Dungeon Overview and Level Annotations

Branches:
Dungeon (3/15)

Altars:
Dithmenos
Gozag
Makhleb
Trog
Vehumet
Xom

Annotations:
D:3 Ijyb


Innate Abilities, Weirdness & Mutations

You have a beak for a mouth.
You have claws for feet.
You can fly continuously.


Message History

You start putting on your armour.
You continue putting on your pair of gloves. x4
You finish putting on your +0 pair of gloves.
You start resting.
You are feeling hungry.
Magic restored.
Found a stone staircase leading down.
You see here 14 stones.
Ijyb the Twisted Goblin comes into view.
She is carrying a wand of acid (10).
Press: ? - help, v - describe, . - travel
Here: Ijyb, wearing a +0 chain mail and carrying a wand of acid (10) (resting)
The floor.
Ijyb zaps a wand.
The bolt of acid hits you!
You are splashed with acid!
* * * LOW HITPOINT WARNING * * *
Casting: Shock (safe; 5% risk of failure)
Confirm with . or Enter, or press ? or * to list all spells.
Okay, then.
Ijyb zaps a wand.
The bolt of acid hits you!
Ouch! That really hurt!
You die...

...........#####.#
#.......# #.#
#.......# #.# #
#.####### #.#
#.####.# #.#
###......##### ...
#.....g......# ##
#.....$......#
#.......@....#
#######..#...#
#......# ≈≈≈♣.....
#≈≈≈≈P...##
##≈.≈### # ####.


You could see Ijyb.

Vanquished Creatures
  An iguana (D:3)
  3 gnolls (D:2)
  4 adders (D:2)
  2 oozes
  A worm (D:2)
  2 dart slugs
  A leopard gecko (D:1)
  A ball python (D:1)
  7 bats
  3 giant cockroaches (D:2)
  3 goblins
  11 hobgoblins
  8 jackals (D:2)
  2 quokkas
  6 frilled lizards
  5 kobolds
  7 rats
67 creatures vanquished.

Notes
Turn   | Place    | Note
-------+----------+-------------------------------------------
     0 | D:1      | AlterAsc the Tengu Air Elementalist began the quest for the
                  | Orb.
     0 | D:1      | Reached XP level 1. HP: 10/10 MP: 4/4
   103 | D:1      | Reached XP level 2. HP: 13/15 MP: 0/6
   558 | D:1      | Reached XP level 3. HP: 20/20 MP: 2/7
  1213 | D:2      | Reached skill level 1 in Fighting
  1213 | D:2      | Reached XP level 4. HP: 11/25 MP: 0/9
  1350 | D:2      | Learned a level 2 spell: Swiftness
  1354 | D:2      | Learned a level 3 spell: Static Discharge
  1440 | D:2      | Found a burning altar of Makhleb.
  1441 | D:2      | Found a radiant altar of Vehumet.
  1442 | D:2      | Found a bloodstained altar of Trog.
  1442 | D:2      | Found an opulent altar of Gozag.
  1442 | D:2      | Found a shadowy altar of Dithmenos.
  1442 | D:2      | Found a shimmering altar of Xom.
  1541 | D:2      | Gained mutation: You can fly continuously. [Tengu growth]
  1541 | D:2      | Reached XP level 5. HP: 29/29 MP: 6/10
  1942 | D:2      | Reached skill level 1 in Armour
  2303 | D:3      | Noticed Ijyb
  2307 | D:3      | Killed from afar by Ijyb

Levels and vault maps discovered:
D:1:      wander_arrival_estate, layout_basic
D:2:      layout_loops_ring, grunt_temple_overflow_open,
          hangedman_abyss_or_decor_lesser_grid, kennysheep_flooded_box
D:3:      layout_basic, serial_bayou_pond_d, cheibriados_altar_1, uniq_ijyb

Skill      XL: |  1  2  3  4  5 |
---------------+----------------+-----
Conjurations   | 2 |  2.8
Fighting       | 1 |  1.5
Dodging        | 3 |  3.2
Spellcasting   | 3 |  3.2
Armour         | 1 |  1.2
Stealth        | |  2.1
Air Magic      | |  4.7

Action                   |  1- 3 |  4- 6 || total
-------------------------+-------+-------++-------
Melee: Unarmed           |     7 |       ||     7
       Peck              |     3 |     1 ||     4
       Short sword       |     6 |    11 ||    17
       Kick              |     2 |     2 ||     4
 Cast: Shock             |    71 |    64 ||   135
       Swiftness         |       |     1 ||     1
 Abil: Fly               |       |     2 ||     2
       Stop Flying       |       |     1 ||     1
  Eat: Chunk             |     2 |     3 ||     5
Armor: Robe              |     9 |       ||     9
       Leather armour    |    10 |     8 ||    18
Dodge: Dodged            |    34 |    32 ||    66
